Map: Black Site 2E

Players

samanaXZ - Winner!

  • Race: Protoss Protoss
  • Spawn Location: 5:00

Norbis - Winner!

  • Race: Protoss Protoss
  • League: Gold
  • Spawn Location: 6:00

xani - Winner!

  • Race: Zerg Zerg
  • League: Silver
  • Spawn Location: 3:00

FORCE

  • Race: Terran Terran
  • Spawn Location: 12:00

YinYan

  • Race: Terran Terran
  • Spawn Location: 9:00

Metasapien

  • Race: Zerg Zerg
  • League: Gold
  • Spawn Location: 11:00

VOD

Have the link to the VOD?

Description

Time

  • Played on: Aug. 20, 2017, 9:13 p.m.
  • Length: 20:57
Show
View Real Time Build Order
Export as new Build Order

samanaXZ Protoss - Winner!

Build Orders:  

Get SALT Encoding   

  12  0:01  Probe (Chrono Boost)  
  13  0:11  Probe (Chrono Boost)  
  14  0:26  Pylon  
  14  0:28  Probe (Chrono Boost)  
  15  0:44  Probe (Chrono Boost)  
  16  0:55  Probe (Chrono Boost)  
  17  1:06  Nexus, Probe (Chrono Boost)  
  18  1:17  Probe (Chrono Boost)  
  19  1:32  Probe (Chrono Boost)  
  20  1:42  Gateway  
  20  1:43  Forge  
  20  1:45  Assimilator, Probe (Chrono Boost)  
  21  1:55  Probe (Chrono Boost)  
  21  1:58  Pylon  
  22  2:06  Probe (Chrono Boost)  
  23  2:15  Pylon  
  23  2:19  Probe (Chrono Boost)  
  24  2:24  Assimilator  
  24  2:25  Pylon  
  24  2:26  Probe (Chrono Boost)  
  27  2:30  Zealot  
  27  2:47  Gateway  
  27  2:48  Probe (Chrono Boost)  
  28  2:53  Cybernetics Core  
  28  2:57  Probe (Chrono Boost)  
  29  2:58  Assimilator  
  29  2:59  Probe (Chrono Boost)  
  30  3:08  Probe (Chrono Boost)  
  31  3:15  Gateway, Pylon  
  31  3:17  Probe (Chrono Boost)  
  32  3:25  Probe (Chrono Boost)  
  33  3:29  Pylon  
  33  3:31  Warp Gate (Chrono Boost)  
  33  3:34  Mothership Core  
  33  3:40  Probe  
  36  3:50  Probe  
  37  3:55  Probe  
  37  3:59  Twilight Council  
  37  4:01  Probe  
  39  4:04  Zealot  
  39  4:08  Probe  
  42  4:11  Probe  
  43  4:20  Probe  
  43  4:22  Probe  
  43  4:23  Protoss Shields Level 1 (Chrono Boost)  
  45  4:29  Charge (Chrono Boost)  
  45  4:31  Adept  
  47  4:32  Probe x2  
  49  4:46  Stargate, Probe  
  49  4:48  Probe  
  49  4:49  Pylon  
  51  4:54  Pylon  
  51  4:57  Assimilator  
  51  5:15  Photon Cannon  
  51  5:18  Stargate  
  51  5:23  Pylon  
  51  5:35  Fleet Beacon  
  51  5:37  Pylon  
  51  5:39  Stalker  
  51  5:40  Zealot x2  
  57  5:51  Probe x2  
  59  6:03  Probe  
  58  6:32  Probe  
  59  6:33  Probe  
  60  6:44  Probe  
  60  6:45  Probe  
  58  6:57  Probe x2  
  54  7:09  Probe x2  
  54  7:21  Probe  
  55  7:25  Nexus  
  55  7:27  Pylon  
  55  7:29  Pylon  
  55  7:35  Stargate  
  55  7:38  Pylon  
  55  7:39  Pylon  
  55  7:41  Mothership Core  
  57  7:45  Pylon x2  
  57  7:47  Zealot x3  
  57  7:48  Pylon  
  57  7:50  Assimilator  
  63  7:56  Assimilator, Pylon  
  63  7:58  Stargate  
  63  8:01  Stargate  
  63  8:04  Carrier  
  63  8:05  Carrier  
  75  8:11  Zealot x2  
  79  8:25  Protoss Shields Level 2 (Chrono Boost)  
  79  8:29  Zealot, Photon Cannon  
  79  8:30  Photon Cannon  
  79  8:31  Photon Cannon  
  79  8:32  Pylon  
  79  8:33  Carrier  
  87  8:35  Graviton Catapult  
  87  8:43  Protoss Air Weapons Level 1 (Chrono Boost)  
  87  8:52  Photon Cannon  
  87  8:55  Gateway  
  87  8:57  Pylon  
  87  9:03  Carrier  
  93  9:13  Carrier  
  99  9:30  Carrier  
  105  9:35  Zealot x3  
  105  9:38  Carrier  
  117  9:44  Gateway  
  117  9:45  Pylon  
  117  9:51  Gateway  
  123  10:02  Zealot  
  123  10:03  Zealot x2  
  129  10:22  Carrier  
  129  10:25  Zealot x2, Protoss Air Armor Level 1 (Chrono Boost)  
  129  10:26  Zealot x2  
  143  11:07  Zealot x4  
  143  11:08  Zealot  
  153  11:28  Protoss Shields Level 3  
  153  12:04  Protoss Air Weapons Level 2 (Chrono Boost)  
  73  13:35  Carrier x4  
  73  13:36  Carrier  
  73  13:41  Dark Shrine  
  91  13:50  Zealot  
  91  13:51  Zealot x5, Protoss Ground Weapons Level 1  
  103  14:05  Protoss Air Weapons Level 3 (Chrono Boost)  
  103  14:15  Zealot x2  
  103  14:16  Zealot x3  
  113  14:41  Mothership Core  
  115  14:53  Dark Templar x3  
  115  14:54  Dark Templar x3  
  127  15:01  Carrier x2  
  139  15:19  Tempest x3  
  155  16:01  Tempest  
  155  16:02  Tempest  
  159  16:19  Dark Templar x4  
  159  17:07  Dark Templar x4  
  105  18:54  Archon x2  
Show
View Real Time Build Order
Export as new Build Order

Norbis Protoss - Winner!

Build Orders:  

Get SALT Encoding   

  12  0:12  Pylon  
  12  0:17  Probe (Chrono Boost)  
  13  0:28  Probe (Chrono Boost)  
  14  0:38  Probe (Chrono Boost)  
  14  0:39  Gateway  
  15  0:51  Probe (Chrono Boost)  
  15  0:52  Assimilator  
  16  1:02  Assimilator  
  16  1:05  Probe (Chrono Boost)  
  17  1:16  Probe (Chrono Boost)  
  18  1:25  Pylon  
  18  1:27  Probe (Chrono Boost)  
  19  1:36  Cybernetics Core  
  19  1:37  Probe (Chrono Boost)  
  20  1:48  Probe (Chrono Boost)  
  21  1:57  Forge  
  21  1:58  Probe (Chrono Boost)  
  22  2:09  Gateway, Probe (Chrono Boost)  
  23  2:16  Robotics Facility  
  23  2:20  Warp Gate (Chrono Boost)  
  23  2:30  Photon Cannon  
  23  2:58  Pylon  
  23  3:03  Immortal  
  27  3:17  Pylon  
  27  3:24  Stalker  
  29  3:32  Stalker  
  31  3:43  Immortal (Chrono Boost)  
  35  4:10  Stalker  
  35  4:11  Stalker  
  39  4:19  Pylon  
  39  4:21  Immortal (Chrono Boost)  
  43  4:31  Pylon  
  43  4:36  Stalker  
  43  4:38  Stalker  
  47  4:45  Mothership Core  
  49  5:01  Stalker  
  49  5:03  Stalker  
  53  5:43  Nexus  
  53  6:24  Probe  
  54  6:36  Probe  
  55  6:48  Probe  
  56  6:59  Gateway, Probe  
  56  7:00  Gateway, Probe  
  52  7:02  Gateway  
  52  7:05  Gateway  
  48  7:09  Probe  
  48  7:12  Probe  
  50  7:20  Probe  
  50  7:21  Immortal (Chrono Boost)  
  55  7:24  Probe  
  56  7:32  Assimilator  
  56  7:36  Assimilator  
  56  7:39  Pylon  
  56  7:42  Pylon  
  56  7:45  Pylon  
  56  7:49  Pylon  
  56  7:56  Immortal (Chrono Boost)  
  60  8:07  Twilight Council  
  60  8:16  Twilight Council  
  60  8:20  Stalker x2  
  60  8:22  Stalker  
  66  8:28  Stalker  
  66  8:30  Immortal (Chrono Boost)  
  66  8:33  Stalker  
  74  8:45  Stalker  
  74  8:46  Stalker  
  78  8:52  Stalker  
  80  9:06  Immortal (Chrono Boost)  
  84  9:14  Blink (Chrono Boost)  
  84  9:17  Probe  
  84  9:18  Probe  
  86  9:29  Probe x2  
  88  9:39  Probe  
  88  9:41  Probe  
  90  9:46  Immortal (Chrono Boost)  
  94  10:16  Immortal  
  94  10:25  Stalker  
  94  10:26  Stalker  
  102  10:29  Stalker  
  104  10:35  Stalker  
  104  10:41  Stalker  
  108  10:46  Stalker  
  110  11:01  Pylon  
  110  11:02  Pylon  
  110  11:04  Pylon  
  110  11:12  Protoss Shields Level 1  
  110  11:14  Immortal  
  60  12:28  Immortal  
  48  12:36  Stalker  
  48  12:37  Stalker x4  
  52  12:59  Stalker  
  52  13:00  Stalker  
  52  13:02  Immortal  
  52  13:03  Stalker x2  
  52  13:04  Stalker  
  62  13:07  Protoss Ground Armor Level 1  
  66  13:25  Nexus  
  66  13:37  Immortal  
  66  13:40  Probe x2  
  72  13:52  Probe  
  72  13:53  Probe  
  74  14:04  Probe  
  74  14:05  Probe  
  76  14:10  Robotics Facility  
  76  14:11  Immortal  
  76  14:15  Assimilator  
  76  14:16  Probe  
  81  14:17  Probe  
  81  14:19  Assimilator  
  81  14:21  Pylon  
  82  14:28  Probe  
  82  14:29  Probe  
  84  14:34  Stalker x2  
  84  14:36  Stalker  
  90  14:40  Probe  
  90  14:41  Probe  
  90  14:45  Immortal, Stalker  
  94  14:47  Stalker  
  100  15:01  Protoss Ground Weapons Level 1  
  100  15:02  Stalker x2  
  100  15:03  Stalker  
  100  15:05  Stalker  
  98  15:31  Stalker x3  
  98  15:32  Stalker x3  
  68  15:55  Stalker x2  
  68  15:56  Stalker x4  
  78  15:57  Immortal  
  82  16:07  Immortal  
  70  16:42  Immortal  
  74  16:47  Immortal  
  74  16:53  Stalker  
  76  17:07  Assimilator  
  76  17:13  Stalker x2  
  76  17:14  Stalker x2  
  84  17:16  Immortal  
  88  17:26  Immortal  
  92  17:33  Stalker  
  92  17:34  Stalker  
  96  17:37  Stalker  
  96  17:38  Stalker  
  96  17:40  Stalker  
  102  17:50  Immortal  
  106  18:20  Nexus  
  96  19:06  Pylon  
  96  19:07  Pylon  
  96  19:09  Pylon  
  88  19:11  Pylon  
  88  19:15  Assimilator  
  88  19:16  Assimilator  
  88  19:27  Stalker x5  
  88  19:28  Stalker  
  100  19:48  Immortal  
  100  19:53  Immortal  
  108  20:06  Stalker  
  92  20:08  Stalker  
  98  20:50  Stalker  
  98  20:51  Stalker x4  
Show
View Real Time Build Order
Export as new Build Order

xani Zerg - Winner!

Build Orders: Pool First, Swarm Host 

Get SALT Encoding   

  12  0:01  Drone  
  13  0:10  Drone  
  14  0:17  Overlord  
  14  0:31  Extractor  
  14  0:33  Drone  
  14  0:42  Spawning Pool  
  14  0:45  Drone  
  15  0:50  Drone  
  15  0:55  Drone  
  16  0:59  Drone  
  17  1:08  Drone  
  18  1:17  Drone  
  19  1:36  Hatchery  
  18  1:45  Drone  
  18  1:46  Drone  
  20  1:56  Drone  
  20  1:59  Extractor  
  20  2:03  Drone  
  21  2:12  Overlord  
  21  2:29  Queen  
  21  2:34  Drone x2  
  25  2:46  Drone  
  25  2:50  Queen  
  28  3:07  Lair  
  28  3:16  Drone x6  
  34  3:30  Drone x2  
  36  3:37  Overlord  
  36  3:38  Overlord  
  36  4:07  Infestation Pit  
  35  4:16  Drone x2  
  35  4:17  Drone x6  
  40  4:23  Extractor  
  40  4:24  Drone  
  43  4:25  Extractor  
  42  4:53  Hive  
  42  5:20  Zergling x4  
  42  5:21  Zergling x16  
  49  5:22  Overlord x3  
  52  5:36  Metabolic Boost  
  52  5:45  Hatchery  
  51  6:06  Ultralisk Cavern  
  50  6:13  Drone x5  
  50  6:14  Drone x7  
  53  6:55  Ultralisk x3  
  53  6:56  Overlord x4  
  53  7:00  Queen  
  72  7:04  Drone x3  
  72  7:05  Drone x3  
  78  7:24  Ultralisk x4  
  102  7:41  Extractor  
  102  7:42  Extractor  
  100  7:46  Drone x8  
  100  7:47  Drone x2  
  110  7:57  Evolution Chamber  
  110  7:58  Chitinous Plating, Evolution Chamber  
  108  8:21  Hydralisk Den  
  108  8:26  Roach Warren  
  106  8:33  Drone x3  
  109  8:35  Overlord  
  109  8:36  Overlord x2  
  109  8:37  Overlord  
  109  9:02  Pneumatized Carapace  
  109  9:08  Ultralisk x2  
  109  9:09  Ultralisk x3  
  139  9:23  Zerg Melee Weapons Level 1, Zerg Ground Armor Level 1  
  139  9:44  Ultralisk  
  145  9:45  Overlord  
  145  9:46  Overlord x4  
  145  9:47  Overlord  
  145  10:01  Overseer x2  
  145  10:02  Overseer  
  145  10:10  Ultralisk x2  
  175  10:57  Ultralisk x4  
  181  11:20  Glial Reconstitution  
  181  11:22  Zerg Melee Weapons Level 2  
  181  11:25  Zerg Ground Armor Level 2  
  151  12:23  Swarm Host x3  
  151  12:24  Swarm Host x7  
  151  12:25  Swarm Host x3  
  106  12:46  Adrenal Glands  
  106  12:56  Zergling x6  
  106  12:57  Zergling x10  
  106  12:58  Zergling x24  
  122  12:59  Zergling x2  
  122  13:03  Zergling x2  
  128  13:19  Zergling x8  
  133  13:20  Zergling x4  
  134  13:46  Zerg Melee Weapons Level 3  
  134  13:47  Zerg Ground Armor Level 3  
  112  14:39  Roach x2  
  112  14:40  Roach x7  
  112  14:41  Roach x8  
  112  14:42  Roach  
  124  15:11  Ravager x2  
  124  15:12  Ravager x9  
  124  15:13  Ravager x5  
  79  16:03  Hydralisk  
  79  16:04  Hydralisk x10  
  79  16:05  Hydralisk  
  92  16:42  Muscular Augments  
  81  17:18  Hatchery  
  80  17:33  Zergling x6  
  80  17:34  Zergling x14  
  80  17:35  Zergling x4  
  92  17:42  Hatchery  
  91  17:45  Hatchery  
  91  17:50  Hatchery  
  89  18:24  Extractor x2  
  87  18:31  Zergling x12  
  87  18:32  Zergling x4  
  95  19:28  Zergling x8  
  95  19:29  Zergling x16  
  95  19:30  Zergling x12  
  101  19:50  Zergling x18  
  101  19:51  Zergling x18  
  101  19:52  Zergling x4  
  113  20:07  Zergling x18  
  122  20:20  Zergling x14  
  129  20:27  Zergling x18  
  129  20:28  Zergling x2  
  139  20:29  Zergling x2  
Show
View Real Time Build Order
Export as new Build Order

FORCE Terran 

Build Orders: Command Center First (CC), Mech 

Get SALT Encoding   

  12  0:05  SCV  
  13  0:17  SCV  
  14  0:23  Supply Depot  
  14  0:30  SCV  
  15  0:44  SCV  
  16  0:56  SCV  
  17  1:07  Command Center  
  17  1:08  SCV  
  18  1:27  Barracks  
  18  1:33  SCV  
  19  1:45  SCV  
  19  1:46  Refinery  
  20  1:47  Refinery  
  20  1:57  SCV  
  21  2:09  SCV  
  22  2:21  Orbital Command  
  22  2:29  Orbital Command  
  22  2:33  Refinery  
  22  2:47  Factory  
  22  2:50  SCV  
  23  2:56  SCV  
  24  3:04  Factory  
  24  3:07  SCV  
  24  3:08  SCV  
  26  3:19  SCV  
  27  3:20  SCV  
  27  3:24  Engineering Bay  
  28  3:30  Refinery  
  28  3:32  SCV  
  29  3:36  Factory  
  29  3:37  Cyclone  
  32  3:45  SCV  
  33  3:52  Cyclone  
  36  3:57  Factory, SCV  
  36  4:00  SCV  
  38  4:06  Missile Turret  
  38  4:09  Missile Turret  
  38  4:27  Supply Depot  
  38  4:31  Supply Depot  
  38  4:39  Factory Tech Lab  
  38  4:44  Factory Reactor  
  38  4:46  Factory Reactor  
  38  4:49  SCV  
  39  5:01  SCV  
  40  5:09  Factory Reactor  
  40  5:13  SCV  
  41  5:16  Armory  
  41  5:25  SCV  
  42  5:37  SCV  
  42  5:38  Supply Depot  
  42  5:42  Siege Tank  
  46  5:45  Cyclone x2  
  46  5:49  SCV  
  53  6:00  Cyclone x2  
  53  6:01  SCV  
  60  6:04  Supply Depot  
  60  6:05  Supply Depot  
  60  6:11  SCV  
  61  6:25  Siege Tank  
  61  6:26  Cyclone x2  
  70  6:41  Factory  
  70  6:43  Factory  
  70  6:58  Siege Tank  
  67  7:19  Cyclone  
  67  7:20  Cyclone  
  67  7:21  Cyclone  
  76  7:30  Supply Depot  
  76  7:34  Terran Vehicle Weapons Level 1  
  76  7:38  Armory  
  76  7:39  SCV  
  77  7:47  Factory Tech Lab  
  77  7:50  Factory Tech Lab  
  77  7:51  Siege Tank, SCV, Cyclone  
  77  7:53  Supply Depot  
  84  8:03  SCV  
  85  8:11  Factory  
  85  8:15  Siege Tank, Cyclone x2  
  85  8:16  Supply Depot  
  94  8:23  Supply Depot x2  
  94  8:37  Siege Tank, SCV  
  94  8:38  Hellbat x2  
  102  8:45  Hellbat x3  
  102  8:47  Siege Tank, Hellbat x2, Supply Depot  
  115  8:50  SCV  
  116  8:56  Factory Tech Lab  
  116  9:02  SCV  
  117  9:08  Siege Tank  
  117  9:09  Siege Tank, Supply Depot  
  125  9:10  Hellbat  
  125  9:14  SCV  
  125  9:16  Supply Depot  
  126  9:17  Supply Depot  
  126  9:18  Supply Depot  
  126  9:20  Supply Depot  
  126  9:21  Terran Vehicle And Ship Armor Level 1  
  126  9:30  Siege Tank, SCV  
  126  9:31  Hellbat  
  132  9:42  Siege Tank  
  132  9:43  Siege Tank  
  138  9:46  Infernal Pre-Igniter  
  138  9:51  Hellbat  
  138  9:52  Hellbat  
  142  9:54  Barracks  
  142  9:59  Supply Depot x2  
  142  10:02  Supply Depot  
  142  10:23  Command Center  
  142  10:24  Terran Vehicle Weapons Level 2  
  142  10:31  Thor  
  148  10:44  Thor  
  154  11:04  Thor  
  160  11:25  Missile Turret, Refinery  
  160  11:26  Refinery  
  160  11:36  Orbital Command  
  160  11:46  Terran Vehicle And Ship Armor Level 2  
  160  11:53  Thor  
  166  11:55  Siege Tank  
  166  12:01  Thor  
  93  12:59  Thor  
  93  13:01  Thor  
  93  13:02  Thor  
  93  13:03  Thor  
  117  13:09  Widow Mine x2  
  117  13:10  Widow Mine  
  117  13:12  Hellbat x3  
  129  13:34  Hellbat x3  
  135  13:39  Hellbat x3  
  141  13:43  Hellbat  
  141  13:44  Hellbat, SCV  
  141  13:45  Hellbat  
  141  13:47  Hellbat  
  150  13:55  Hellbat x2  
  154  13:56  SCV  
  155  14:04  Thor  
  155  14:05  Thor  
  155  14:08  SCV  
  165  14:27  Thor  
  165  14:28  Thor  
  177  14:32  Hellbat x6  
  189  14:46  Thor  
  195  14:53  Hellbat x2  
  195  14:54  Command Center  
  195  14:55  Terran Vehicle Weapons Level 3, Terran Vehicle And Ship Armor Level 3  
  63  16:58  Thor x2  
  63  16:59  Thor  
  63  17:01  Thor  
  81  17:09  Hellbat x4  
  81  17:10  Hellbat x2  
  93  17:24  Refinery  
  93  17:25  Refinery  
  93  17:30  Hellbat  
  93  17:31  Hellbat  
  93  17:36  Planetary Fortress  
  97  17:40  Thor, SCV  
  104  17:53  SCV  
  105  18:02  Hellbat x2  
  105  18:03  Widow Mine x6  
  121  18:07  Hellbat  
  99  18:23  Hellbat, Widow Mine  
  99  18:24  Hellbat  
  86  18:29  Widow Mine  
  86  18:31  Widow Mine x3  
  63  18:56  Hellbat  
Show
View Real Time Build Order
Export as new Build Order

YinYan Terran 

Build Orders: Command Center First (CC) 

Get SALT Encoding   

  12  0:01  SCV  
  13  0:13  SCV  
  14  0:25  SCV  
  14  0:27  Supply Depot  
  15  0:49  SCV  
  16  1:00  Command Center  
  16  1:03  SCV  
  17  1:17  Barracks  
  17  1:18  SCV  
  18  1:31  SCV  
  19  1:43  SCV  
  20  1:48  Refinery  
  20  1:56  SCV  
  20  1:59  Barracks  
  21  2:05  Barracks  
  21  2:07  Marine  
  22  2:10  SCV  
  22  2:12  SCV  
  24  2:22  SCV  
  25  2:24  Marine, SCV  
  27  2:32  Refinery  
  27  2:34  SCV  
  28  2:42  Marine  
  29  2:48  Supply Depot  
  29  2:59  Command Center  
  29  3:02  SCV  
  29  3:04  SCV  
  31  3:19  Orbital Command  
  31  3:22  Orbital Command  
  31  3:27  Barracks Tech Lab  
  31  3:31  Marine  
  32  3:46  Marine  
  34  3:51  Barracks Reactor  
  34  3:54  Barracks Reactor  
  33  3:56  Combat Shields  
  33  4:07  SCV, Factory  
  34  4:15  Refinery  
  34  4:17  Refinery  
  34  4:22  Engineering Bay  
  34  4:23  SCV  
  34  4:24  SCV  
  36  4:26  SCV  
  37  4:32  Marine  
  37  4:36  SCV x2  
  40  4:48  Supply Depot  
  40  4:54  Marine x3  
  40  4:55  Marine x2  
  40  4:57  SCV  
  40  4:58  SCV x2  
  48  5:09  SCV  
  48  5:10  SCV x2  
  48  5:11  Marine  
  48  5:12  Marine x3  
  48  5:13  Marine  
  56  5:16  Factory Tech Lab  
  56  5:21  SCV, Supply Depot  
  56  5:22  SCV x2  
  56  5:25  Engineering Bay  
  59  5:30  Terran Infantry Weapons Level 1  
  59  5:33  SCV  
  59  5:34  SCV x2  
  59  5:35  Marine x3  
  65  5:45  Armory, SCV  
  65  5:46  SCV  
  65  5:47  Siege Tank  
  70  6:07  Marine  
  70  6:08  Marine x4  
  75  6:14  Terran Infantry Armor Level 1  
  75  6:18  Missile Turret  
  75  6:25  Marine, Missile Turret  
  76  6:34  Supply Depot  
  76  6:36  Supply Depot  
  76  6:44  Missile Turret  
  76  6:49  Marauder  
  76  6:51  Siege Tank  
  76  6:57  Supply Depot  
  76  7:00  Supply Depot  
  68  7:13  Marine x2  
  70  7:23  Siege Tank  
  70  7:27  Barracks  
  70  7:29  Barracks  
  73  7:31  Marine x2  
  75  7:39  SCV x3  
  78  7:48  Refinery x2  
  78  7:51  SCV x3  
  82  7:55  Siege Tank  
  86  7:59  Barracks Reactor  
  86  8:00  Barracks Tech Lab  
  86  8:02  Barracks  
  86  8:03  SCV x2  
  86  8:04  Barracks  
  86  8:16  Terran Infantry Weapons Level 2  
  86  8:19  Terran Infantry Armor Level 2  
  86  8:23  Terran Vehicle Weapons Level 1  
  86  8:29  Supply Depot  
  86  8:31  Armory  
  86  8:50  Reaper  
  86  8:51  Starport  
  86  8:52  Marine, Barracks, Marauder  
  90  8:56  Barracks Reactor x2  
  90  9:05  SCV x3  
  93  9:10  Marine  
  93  9:13  Marauder  
  96  9:17  SCV x2  
  96  9:18  Thor, SCV  
  96  9:19  Supply Depot  
  96  9:22  Marine  
  106  9:28  Marine  
  106  9:29  SCV x2  
  109  9:31  Supply Depot  
  109  9:34  Marauder  
  111  9:40  Marine, Missile Turret  
  111  9:42  Supply Depot  
  111  9:44  SCV  
  111  9:45  Marine, SCV x2  
  115  9:52  Marine x5  
  118  9:54  Supply Depot  
  118  9:55  Marine  
  118  9:57  SCV x3  
  118  9:58  Marine, Starport Tech Lab  
  118  9:59  Missile Turret  
  126  10:01  Thor  
  126  10:03  Marine  
  126  10:04  Starport  
  126  10:05  Terran Ship Weapons Level 1  
  133  10:09  Marine  
  133  10:10  Marine x4  
  133  10:11  Armory  
  133  10:13  Marine  
  139  10:16  Marine  
  139  10:18  Terran Vehicle And Ship Armor Level 1  
  139  10:19  Missile Turret  
  140  10:21  Marine  
  140  10:27  Marine  
  140  10:28  Marine x3  
  144  10:31  Barracks Reactor, Marauder  
  144  10:33  Marine  
  144  10:35  Hi-Sec Auto Tracking  
  148  10:38  Barracks  
  148  10:39  Marine  
  148  10:42  Starport  
  149  11:01  Supply Depot  
  149  11:05  Command Center  
  149  11:10  Supply Depot  
  149  11:16  Terran Infantry Weapons Level 3  
  149  11:18  Terran Vehicle Weapons Level 2  
  149  11:23  Marine x4, Starport Tech Lab x2, Marauder  
  149  11:24  Supply Depot  
  155  11:28  Fusion Core  
  155  11:31  Thor, Supply Depot  
  155  11:32  Building Armor  
  161  11:33  Supply Depot  
  161  11:41  Barracks Reactor  
  160  11:48  Supply Depot  
  160  11:56  Supply Depot  
  160  11:57  Supply Depot  
  158  12:10  Supply Depot  
  158  12:14  Thor  
  156  12:19  Supply Depot  
  156  12:21  Missile Turret  
  136  12:25  Supply Depot  
  121  12:33  Supply Depot  
  104  12:42  Marine x2  
  104  12:43  Marauder  
  94  12:46  Viking, Battlecruiser  
  94  12:47  Battlecruiser  
  94  12:48  Supply Depot  
  94  12:50  Missile Turret  
  106  13:04  Marauder  
  104  13:12  Terran Infantry Armor Level 3  
  102  13:16  Battlecruiser  
  108  13:38  Marine  
  108  13:39  Marine x5  
  114  13:51  Battlecruiser x2  
  122  13:56  Marine  
  122  13:57  Marine x5  
  103  14:12  Command Center  
  103  14:14  Marine x4  
  103  14:15  Marine x2  
  109  14:20  Battlecruiser  
  115  14:32  Marine x5  
  121  14:45  Refinery  
  120  14:49  Marine  
  120  14:50  Marine x3  
  124  14:55  Battlecruiser x2  
  136  15:12  Marine x3  
  136  15:13  Marine  
  140  15:16  Command Center  
  140  15:20  Missile Turret  
  140  15:21  Missile Turret, Refinery x2  
  140  15:22  Missile Turret  
  140  15:28  Stimpack  
  140  15:33  Barracks  
  133  16:29  SCV  
  112  16:41  SCV  
  93  16:53  SCV  
  95  17:09  Planetary Fortress  
  95  17:12  Siege Tank  
  97  17:36  Weapon Refit  
  97  17:39  Terran Vehicle Weapons Level 3, Terran Vehicle And Ship Armor Level 2  
  97  17:44  Terran Ship Weapons Level 2, Siege Tank  
  97  17:49  Marine x8  
  108  18:06  Marine  
  108  18:07  Marine  
  110  18:16  Siege Tank  
  92  18:48  Siege Tank  
  92  18:57  Marine  
  92  18:58  Marine x6  
  93  19:15  Marine x4  
  93  19:16  Marine x3  
  94  19:33  Marine x3  
Show
View Real Time Build Order
Export as new Build Order

Metasapien Zerg 

Build Orders: Pool First 

Get SALT Encoding   

  12  0:01  Drone  
  13  0:09  Drone  
  14  0:24  Extractor  
  14  0:25  Extractor, Drone x2  
  16  0:50  Spawning Pool  
  15  1:02  Hatchery  
  14  1:08  Overlord  
  14  1:11  Extractor  
  14  1:13  Drone  
  14  1:28  Drone x2  
  16  1:34  Drone  
  16  1:38  Queen  
  19  1:43  Zergling x2  
  20  2:00  Zergling x2  
  21  2:20  Queen  
  21  2:21  Drone  
  24  2:28  Drone x3  
  27  2:32  Drone  
  27  2:36  Overlord  
  28  2:41  Extractor  
  27  2:49  Spine Crawler  
  27  2:51  Drone  
  27  2:57  Zergling x2  
  27  2:58  Zergling x4  
  30  3:04  Spine Crawler  
  29  3:08  Drone x3  
  32  3:18  Extractor, Lair  
  31  3:22  Metabolic Boost  
  31  3:28  Overlord  
  31  3:49  Drone x5  
  36  3:56  Overlord  
  36  3:57  Overlord  
  36  4:01  Drone x2  
  38  4:16  Extractor  
  38  4:17  Drone x3  
  40  4:28  Hatchery  
  39  4:31  Hydralisk Den  
  39  4:35  Infestation Pit  
  39  4:38  Evolution Chamber  
  36  4:41  Evolution Chamber  
  36  4:44  Drone x3  
  38  4:47  Drone  
  39  4:58  Drone x3  
  42  5:01  Drone  
  42  5:02  Drone  
  42  5:04  Drone  
  42  5:06  Drone  
  46  5:12  Zerg Missile Weapons Level 1  
  46  5:19  Zerg Ground Armor Level 1  
  46  5:24  Overlord  
  46  5:49  Spore Crawler, Hydralisk, Zergling x2  
  48  5:50  Hydralisk x3  
  48  5:52  Zergling x2  
  30  6:29  Hatchery  
  30  6:32  Extractor  
  28  6:34  Extractor  
  28  6:38  Hydralisk x3  
  33  6:48  Overlord  
  33  6:53  Drone  
  34  7:01  Hydralisk  
  36  7:28  Drone x2  
  36  7:29  Drone x4  
  42  7:42  Queen  
  42  7:44  Drone  
  45  7:48  Drone  
  46  7:57  Drone  
  47  8:00  Drone  
  47  8:04  Drone x2  
  50  8:10  Muscular Augments  
  50  8:11  Drone  
  51  8:25  Drone  
  51  8:26  Drone  
  53  8:29  Hydralisk x4  
  62  8:41  Drone  
  62  8:44  Overlord x2  
  62  8:45  Overlord  
  62  8:56  Drone x4  
  66  9:10  Queen  
  66  9:14  Zerg Missile Weapons Level 2, Zerg Ground Armor Level 2  
  68  9:21  Drone x6  
  68  9:23  Overlord  
  68  9:24  Overlord  
  74  9:33  Spine Crawler  
  74  9:35  Spine Crawler, Drone  
  74  9:36  Drone x2  
  74  9:37  Drone  
  76  9:41  Spine Crawler  
  75  9:45  Spine Crawler  
  74  9:54  Hydralisk x2  
  74  9:55  Hydralisk x2  
  74  9:59  Overseer  
  82  10:00  Overseer  
  82  10:24  Hatchery  
  82  10:25  Hydralisk x2  
  82  10:26  Hydralisk x6  
  97  10:44  Spire  
  97  10:47  Extractor  
  97  10:48  Drone x2  
  97  10:49  Extractor, Drone  
  97  10:59  Pneumatized Carapace  
  97  11:00  Burrow  
  97  11:02  Overlord x4  
  97  11:03  Overlord x2  
  97  11:25  Hydralisk x4  
  97  11:26  Hydralisk x5  
  97  11:27  Hydralisk  
  117  11:44  Drone  
  117  11:46  Drone x3  
  120  12:09  Mutalisk x5  
  120  12:10  Hydralisk  
  120  12:11  Corruptor x4  
  103  12:43  Hydralisk x3  
  103  12:44  Hydralisk x6  
  103  12:50  Corruptor  
  117  13:02  Extractor  
  112  13:06  Corruptor  
  112  13:07  Extractor, Corruptor  
  72  13:50  Lair  
  72  13:56  Hive  
  72  14:00  Drone  
  72  14:01  Queen, Drone x2  
  72  14:02  Queen  
  79  14:25  Overlord  
  79  14:26  Overlord x16  
  79  14:43  Queen  
  81  14:58  Drone x2  
  81  14:59  Hydralisk x6  
  85  15:00  Hydralisk x2  
  89  15:11  Overseer  
  89  15:12  Overseer x3  
  89  15:27  Hydralisk x11  
  89  15:28  Hydralisk x3  
  109  15:49  Corruptor x3  
  44  16:26  Corruptor x2  
  44  16:30  Drone x7  
  48  17:00  Hatchery  
  47  17:04  Extractor  
  47  17:07  Extractor  
  45  17:09  Corruptor  
  41  17:28  Corruptor  
  43  17:38  Drone  
  43  17:39  Drone x2  
  46  17:50  Hatchery  
  36  19:04  Queen  
  38  19:14  Corruptor  
  38  19:15  Corruptor x4  
  48  19:25  Extractor  
  48  19:26  Extractor  
  46  19:49  Hydralisk Den  
  33  20:07  Spire  
  33  20:11  Corruptor x4  
  33  20:12  Corruptor x5  
Tags
 
Add a new tag
Caveats
  • Supply blocks, unpowered buildings, or Contaminate may cause inaccurate times.
  • Supply counts are checked every 10 seconds.